 Dungeon Crawl Stone Soup version 0.28.0-43-g3370ac3207 (webtiles) character file.

Game seed: 3933199542357767236

695 Ablot the Grasshopper (level 7, -7/56 HPs)
             Began as a Gnoll Warper on Mar 14, 2022.
             Mangled by a gnoll sergeant
             ... wielding a +0 trident
              (12 damage)
             ... on level 3 of the Dungeon.
             The game lasted 00:05:32 (4686 turns).

Ablot the Grasshopper (Gnoll Warper)                Turns: 4686, Time: 00:05:33

Health: -7/56      AC:  6    Str: 12    XL:     7   Next: 64%
Magic:  15/15      EV: 13    Int: 12    God:
Gold:   42         SH:  0    Dex: 12    Spells: 15/17 levels left

rFire   + . .      SeeInvis .   i - +1 long sword (vorpal)
rCold   . . .      Faith    .   (no shield)
rNeg    . . .      Spirit   .   b - +0 leather armour
rPois   .          Reflect  .   (no helmet)
rElec   .          Harm     .   o - +1 cloak {Will+}
rCorr   .          Rampage  .   (no gloves)
Will    +....                   l - +0 pair of boots
Stlth   ++........              (no amulet)
HPRegen 0.18/turn               D - ring of protection from fire
MPRegen 0.14/turn               (no ring)

@: no status effects
A: fangs 1, strong nose, distributed training
a: no special abilities


You were on level 3 of the Dungeon.
You visited 1 branch of the dungeon, and saw 4 of its levels.

You collected 97 gold pieces.
You spent 55 gold pieces at shops.

Inventory:

Hand Weapons
 a - a +0 spear
 i - a +1 vorpal long sword (weapon)
 n - a +2 quarterstaff of chaos
 w - a +1 mace of holy wrath
Missiles
 d - 5 boomerangs of dispersal
 f - 13 stones
 j - 35 sling bullets
 u - 63 arrows
 y - 4 atropa-tipped darts
 E - 18 bolts
 G - 5 poisoned darts (quivered)
Armour
 b - a +0 leather armour (worn)
 l - a +0 pair of boots (worn)
 o - a +1 cloak of willpower (worn)
Magical Staves
 F - a staff of poison
Jewellery
 x - a ring of fire
 D - a ring of protection from fire (left hand)
Wands
 A - a wand of flame (3)
Scrolls
 c - 2 scrolls of blinking
 g - 4 scrolls of magic mapping {unknown}
 k - 2 scrolls of immolation {unknown}
 m - a scroll of identify {unknown}
 p - a scroll of amnesia {unknown}
 r - 2 scrolls of teleportation {unknown}
 s - a scroll of enchant armour {unknown}
 t - a scroll of brand weapon {unknown}
 v - a scroll of noise {unknown}
 C - a scroll of torment {unknown}
Potions
 e - 2 potions of brilliance {unknown}
 h - 3 potions of curing {unknown}
 q - a potion of resistance {unknown}
 z - a potion of mutation {unknown}
 B - a potion of heal wounds


   Skills:
 + Level 5.3 Fighting
 + Level 2.6 Short Blades
 + Level 2.6 Long Blades
 + Level 2.6 Axes
 + Level 2.6 Maces & Flails
 + Level 5.3 Polearms
 + Level 2.6 Staves
 + Level 2.6 Slings
 + Level 2.6 Bows
 + Level 2.6 Crossbows
 + Level 3.7 Throwing
 + Level 3.7 Armour
 + Level 5.3 Dodging
 + Level 2.6 Stealth
 + Level 2.6 Shields
 + Level 2.6 Unarmed Combat
 + Level 5.7 Spellcasting
 + Level 2.1 Conjurations
 + Level 2.1 Hexes
 + Level 2.1 Summonings
 + Level 2.1 Necromancy
 + Level 5.9 Translocations
 + Level 2.1 Transmutations
 + Level 2.1 Fire Magic
 + Level 2.1 Ice Magic
 + Level 2.1 Air Magic
 + Level 2.1 Earth Magic
 + Level 2.1 Poison Magic
 + Level 2.9 Invocations
 + Level 2.6 Evocations


You had 15 spell levels left.
You knew the following spells:

 Your Spells              Type           Power      Damage    Failure   Level
a - Blink                 Tloc           34%        N/A       3%          2

Your spell library contained the following spells:

 Spells                   Type           Power      Damage    Failure   Level
 Gell's Gravitas          Tloc           17%        N/A       6%          3
 Lesser Beckoning         Tloc           17%        N/A       6%          3
 Teleport Other           Tloc           17%        N/A       6%          3
 Manifold Assault         Tloc           17%        N/A       50%         5


Dungeon Overview and Level Annotations

Branches:
Dungeon (4/15)
 Temple: D:4-7

Altars:
Hepliaklqana

Shops:
D:1 (   D:4 !


Innate Abilities, Weirdness & Mutations

You have very sharp teeth.
Your uncanny sense of smell can sniff out nearby items.
Your experience applies equally to all skills.


Message History

You bite the gnoll sergeant, but do no damage.
The gnoll sergeant is lightly wounded.
The gnoll sergeant hits you with a +0 trident!
You barely miss the gnoll sergeant.
The gnoll sergeant is lightly wounded.
The gnoll sergeant hits you with a +0 trident. x2
You closely miss the gnoll sergeant.
The gnoll sergeant is lightly wounded.
The gnoll sergeant closely misses you.
You slash the gnoll sergeant!
The gnoll sergeant is heavily wounded.
The gnoll sergeant hits you with a +0 trident.
You hit the gnoll sergeant.
You bite the gnoll sergeant, but do no damage.
The gnoll sergeant is severely wounded.
The gnoll sergeant closely misses you.
You closely miss the gnoll sergeant.
The gnoll sergeant is severely wounded.
The gnoll sergeant hits you with a +0 trident.
The gnoll sergeant hits you but does no damage.
You hit the gnoll sergeant but do no damage.
The gnoll sergeant is severely wounded.
The gnoll sergeant misses you.
You hit the gnoll sergeant but do no damage.
Your punch misses the gnoll sergeant.
The gnoll sergeant is severely wounded.
The gnoll sergeant hits you with a +0 trident!
* * * LOW HITPOINT WARNING * * *
You hit the gnoll sergeant. You punch the gnoll sergeant.
The gnoll sergeant is almost dead.
The gnoll sergeant misses you.
You closely miss the gnoll sergeant.
The gnoll sergeant is almost dead.
The gnoll sergeant completely misses you.
The gnoll sergeant hits you with a +0 trident!
* * * LOW HITPOINT WARNING * * *
You hit the gnoll sergeant but do no damage.
The gnoll sergeant is almost dead.
The gnoll sergeant hits you with a +0 trident!
You die...

#.....# #.#.#.#.#
#.###.####.#.#.#.#
#.................
#.##########.#.#.#
#............#.#.#
#.############.#.#
#...........##...#
#.#########.....##
#@g...............
###########.......
#)....[. #.###...
#.# #### #.# #.#
#.# #.#


You could see a gnoll sergeant.

Vanquished Creatures
  Grinder (D:3)
  Sigmund (D:3)
  A centaur zombie (D:4)
  A hound (D:4)
  A bullfrog skeleton (D:2)
  Crazy Yiuf (D:2)
  Jessica (D:3)
  Natasha (thrice) (D:3)
  An iguana (D:3)
  A gnoll (D:4)
  An adder (D:3)
  3 worms
  A dart slug (D:3)
  3 orcs (D:4)
  7 ball pythons
  13 endoplasms
  2 giant cockroaches
  9 hobgoblins
  A jackal (D:3)
  7 kobolds
  3 quokkas
  4 bats
  3 frilled lizards
  5 goblins
  2 rats
76 creatures vanquished.

Notes
Turn   | Place    | Note
-------+----------+-------------------------------------------
     0 | D:1      | Ablot the Gnoll Warper began the quest for the Orb.
     0 | D:1      | Reached XP level 1. HP: 20/20 MP: 6/6
   174 | D:1      | Reached XP level 2. HP: 25/26 MP: 7/7
   191 | D:1      | Learned a level 2 spell: Blink
   357 | D:1      | Found Abaukeof's Weapon Boutique.
   455 | D:1      | Found a faded altar of an unknown god.
   667 | D:1      | Reached XP level 3. HP: 22/31 MP: 9/9
   949 | D:1      | Reached skill level 5 in Spellcasting
  1161 | D:2      | Reached skill level 1 in Short Blades
  1161 | D:2      | Reached skill level 1 in Long Blades
  1161 | D:2      | Reached skill level 1 in Axes
  1161 | D:2      | Reached skill level 1 in Maces & Flails
  1161 | D:2      | Reached skill level 1 in Staves
  1161 | D:2      | Reached skill level 1 in Slings
  1161 | D:2      | Reached skill level 1 in Bows
  1161 | D:2      | Reached skill level 1 in Crossbows
  1161 | D:2      | Reached skill level 1 in Stealth
  1161 | D:2      | Reached skill level 1 in Shields
  1161 | D:2      | Reached skill level 1 in Unarmed Combat
  1161 | D:2      | Reached skill level 1 in Invocations
  1161 | D:2      | Reached skill level 1 in Evocations
  1161 | D:2      | Reached XP level 4. HP: 32/38 MP: 11/11
  1254 | D:2      | Found a runed translucent door.
  1255 | D:2      | Noticed Crazy Yiuf
  1261 | D:2      | Killed Crazy Yiuf
  1409 | D:2      | Reached skill level 1 in Conjurations
  1409 | D:2      | Reached skill level 1 in Hexes
  1409 | D:2      | Reached skill level 1 in Summonings
  1409 | D:2      | Reached skill level 1 in Necromancy
  1409 | D:2      | Reached skill level 1 in Transmutations
  1409 | D:2      | Reached skill level 1 in Fire Magic
  1409 | D:2      | Reached skill level 1 in Ice Magic
  1409 | D:2      | Reached skill level 1 in Air Magic
  1409 | D:2      | Reached skill level 1 in Earth Magic
  1409 | D:2      | Reached skill level 1 in Poison Magic
  2520 | D:3      | Noticed Natasha
  2531 | D:3      | Killed Natasha
  2532 | D:3      | Reached XP level 5. HP: 30/43 MP: 12/12
  2536 | D:3      | Noticed Natasha
  2542 | D:3      | Killed Natasha
  2645 | D:3      | Noticed Jessica
  2647 | D:3      | Found a hazy altar of Hepliaklqana.
  2656 | D:3      | Killed Jessica
  2676 | D:3      | Noticed Sigmund
  2975 | D:3      | Killed Sigmund
  2976 | D:3      | Reached skill level 5 in Fighting
  2976 | D:3      | Reached skill level 5 in Polearms
  2976 | D:3      | Reached skill level 5 in Dodging
  2976 | D:3      | Reached XP level 6. HP: 5/51 MP: 14/14
  3404 | D:3      | Noticed Natasha
  3408 | D:3      | Killed Natasha
  3664 | D:3      | Noticed Grinder
  3681 | D:3      | Killed Grinder
  3682 | D:3      | Reached XP level 7. HP: 32/56 MP: 15/15
  4065 | D:4      | Found Roavotewi's Distillery.
  4071 | D:4      | Bought a potion of heal wounds for 55 gold pieces
  4686 | D:3      | Mangled by a gnoll sergeant

Illustrated notes

Levels and vault maps discovered:
D:1:      mrwooster_arrival_arrow, layout_basic,
          hellmonk_ecumenical_altar_crossroads, serial_shops,
          nicolae_shop_bloodbath_and_beyond
D:2:      layout_basic, uniq_crazy_yiuf_cottage
D:3:      minmay_spotlight, layout_basic, nicolae_overflow_crystal_walls,
          uniq_jessica, uniq_natasha, uniq_sigmund, uniq_grinder
D:4:      layout_rooms, fedhas_altar_decomposition, serial_shops,
          nicolae_shop_trees, minmay_misc_feat_doors

Skill      XL: |  1  2  3  4  5  6 |
---------------+-------------------+-----
Spellcasting   | 5 |  5.7
Short Blades   | 1 2 |  2.6
Long Blades    | 1 2 |  2.6
Axes           | 1 2 |  2.6
Maces & Flails | 1 2 |  2.6
Staves         | 1 2 |  2.6
Slings         | 1 2 |  2.6
Bows           | 1 2 |  2.6
Crossbows      | 1 2 |  2.6
Stealth        | 1 2 |  2.6
Shields        | 1 2 |  2.6
Unarmed Combat | 1 2 |  2.6
Invocations    | 1 2 |  2.9
Evocations     | 1 2 |  2.6
Conjurations   | 1 2 |  2.1
Hexes          | 1 2 |  2.1
Summonings     | 1 2 |  2.1
Necromancy     | 1 2 |  2.1
Transmutations | 1 2 |  2.1
Fire Magic     | 1 2 |  2.1
Ice Magic      | 1 2 |  2.1
Air Magic      | 1 2 |  2.1
Earth Magic    | 1 2 |  2.1
Poison Magic   | 1 2 |  2.1
Throwing       | 3 |  3.7
Armour         | 3 |  3.7
Fighting       | 5 |  5.3
Polearms       | 5 |  5.3
Dodging        | 5 |  5.3
Translocations | |  5.9

Action                   |  1- 3 |  4- 6 |  7- 9 || total
-------------------------+-------+-------+-------++-------
Melee: Spear             |    36 |       |       ||    36
       Long sword        |    39 |   146 |    55 ||   240
       Bite              |     3 |    13 |     7 ||    23
       Punch             |       |     4 |     1 ||     5
Throw: Dart              |       |     5 |       ||     5
 Cast: Blink             |       |     1 |       ||     1
 Stab: Sleeping          |       |     5 |       ||     5
       Invisible         |       |     1 |       ||     1
Armor: Leather armour    |    18 |    59 |    23 ||   100
Dodge: Dodged            |    52 |   114 |    52 ||   218
